 Dungeon Crawl Stone Soup version 0.27-a0-1147-gb3d8e82157 (webtiles) character file.

Game seed: 17705605575874393100

2 bilbop the Sneak (level 1, -1/9 HPs)
             Began as a Spriggan Enchanter on May 11, 2021.
             Killed from afar by a dart slug (3 damage)
             ... with a slug dart
             ... on level 1 of the Dungeon.
             The game lasted 00:00:59 (178 turns).

bilbop the Sneak (Spriggan Enchanter)                Turns: 178, Time: 00:01:00

Health: -1/9       AC:  2    Str:  4    XL:     1   Next: 33%
Magic:  4/5        EV: 17    Int: 16    God:
Gold:   4          SH:  0    Dex: 15    Spells: 4/5 levels left

rFire    . . .     SeeInvis +   a - +1 dagger
rCold    . . .     Faith    .   (shield restricted)
rNeg     . . .     Spirit   .   b - +0 robe
rPois    .         Reflect  .   (helmet restricted)
rElec    .         Harm     .   (no cloak)
rCorr    .         Rampage  .   (gloves unavailable)
Will     .....                  (boots unavailable)
Stlth    +++.......             (no amulet)
HPRegen  0.03/turn              (no ring)
MPRegen  0.09/turn              (no ring)

@: very quick
A: very small, no large weapons, unfitting armour, see invisible, speed 3
a: no special abilities


You were on level 1 of the Dungeon.
You visited 1 branch of the dungeon, and saw 1 of its levels.

You collected 4 gold pieces.

Inventory:

Hand Weapons
 a - a +1 dagger (weapon)
Armour
 b - a +0 robe (worn)
Scrolls
 d - a scroll of teleportation {unknown}
 e - a scroll of identify {unknown}
Potions
 c - 2 potions of might {unknown}


   Skills:
 + Level 0.0 Fighting
 + Level 1.2 Short Blades
 + Level 2.7 Dodging
 + Level 4.4 Stealth
 + Level 2.7 Spellcasting
 + Level 3.6 Hexes


You had 4 spell levels left.
You knew the following spells:

 Your Spells              Type           Power      Damage    Failure   Level
a - Corona                Hex            14%        N/A       4%          1

Your spell library contained the following spells:

 Spells                   Type           Power      Damage    Failure   Level
 Confusing Touch          Hex            13%        N/A       13%         3
 Tukima's Dance           Hex            13%        N/A       13%         3
 Ensorcelled Hibernation  Hex/Ice        16%        N/A       14%         2
 Dazzling Flash           Conj/Hex       16%        N/A       26%         3


Dungeon Overview and Level Annotations

Branches:
Dungeon (1/15)

Altars:


Innate Abilities, Weirdness & Mutations

You are very small and have problems with some larger weapons.
You are too small for most types of armour.
You have supernaturally acute eyesight. (SInv)
You cover ground extremely quickly. (Speed+++)


Message History

The dart slug is outlined in light.
The dart slug launches a dart at you. The slug dart misses you.
You hit the dart slug.
The dart slug is lightly wounded.
You hit the dart slug but do no damage.
The dart slug is lightly wounded.
The dart slug launches a dart at you. The slug dart hits you.
Ouch! That really hurt!
* * * LOW HITPOINT WARNING * * *
You are too injured to fight recklessly!
You are too injured to fight recklessly!
You are too injured to fight recklessly!
You are too injured to fight recklessly!
You are too injured to fight recklessly!
You are too injured to fight recklessly!
You are too injured to fight recklessly!
You are too injured to fight recklessly!
You are too injured to fight recklessly!
You are too injured to fight recklessly!
You are too injured to fight recklessly!
You are too injured to fight recklessly!
You hit the dart slug.
The dart slug is moderately wounded.
The dart slug misses you.
You hit the dart slug but do no damage.
The dart slug is moderately wounded.
You hit the dart slug.
The dart slug is heavily wounded.
The dart slug launches a dart at you. The slug dart misses you.
You hit the dart slug but do no damage.
The dart slug is heavily wounded.
The dart slug stops glowing.
You hit the dart slug.
The dart slug is severely wounded.
The dart slug launches a dart at you. The slug dart hits you.
You die...

... ...#######
..|.....# #......##
###### #.......#
#.....
#.......######.....
#......#...##.....
#@...†............
+.w._.............
#......#...##.....
.........#...##.....
....#.##.......#.....
.....#+##.......#.....
..... #.......#####.
..... #.......#.....
#...... ......


You could see a dart slug.

Vanquished Creatures
  A ball python (D:1)
  A quokka (D:1)
2 creatures vanquished.

Notes
Turn   | Place    | Note
-------+----------+-------------------------------------------
     0 | D:1      | bilbop the Spriggan Enchanter began the quest for the Orb.
     0 | D:1      | Reached XP level 1. HP: 9/9 MP: 5/5
   147 | D:1      | Found a faded altar of an unknown god.
   178 | D:1      | Killed from afar by a dart slug

Illustrated notes

Levels and vault maps discovered:
D:1:      dpeg_arrival_castle, layout_basic,
          ebering_ecumenical_altar_sacrificial, corexii_hall_statues_l

Action                   || total
-------------------------++-------
Melee: Dagger            ||    22
 Cast: Corona            ||     3
Dodge: Dodged            ||    22

Table legend: (Time is in decaauts)
 A = Elapsed time spent in this place.
 B = Non-inter-level travel time spent in this place.
 C = Inter-level travel time spent in this place.
 D = Time resting spent in this place.
 E = Time spent auto-exploring this place.
 F = Levels seen in this place.
 G = Mean time per level.
                   A        B        C        D        E       F      G
               +--------+--------+--------+--------+--------+-----+--------+
         Total |    124 |    124 |      0 |      0 |     89 |   1 |  124.0 |
       Dungeon |    124 |    124 |      0 |      0 |     89 |   1 |  124.0 |
               +--------+--------+--------+--------+--------+-----+--------+

Top non-repeatable levels by time:
     D:1: 124 daAuts
